 Dungeon Crawl Stone Soup version 0.18.1-50-g88ac8fd (webtiles) character file.

5074 RudyRod the Magician (level 10, -6/65 HPs)
             Began as a Demonspawn Fire Elementalist on Oct 24, 2016.
             Was a High Priest of Vehumet.
             Mangled by an orc knight
             ... wielding a cursed +0 halberd
              (21 damage)
             ... on level 9 of the Dungeon.
             The game lasted 01:20:14 (14699 turns).

RudyRod the Magician (DsFE)                        Turns: 14699, Time: 01:20:15

Health: -6/65      AC:  9    Str:  8    XL:     10   Next: 31%
Magic:  3/21       EV: 21    Int: 20    God:    Vehumet [*****.]
Gold:   672        SH:  0    Dex: 19    Spells: 6 memorised, 9 levels left

rFire  . . .     SeeInvis .     j - +1 dagger (protect)
rCold  + . .     Gourm    .     J - +1 leather armour {rC+}
rNeg   . . .     Faith    .     (no shield)
rPois  .         Spirit   .     (helmet restricted)
rElec  .         Dismiss  +     (no cloak)
rCorr  .         Reflect  .     (no gloves)
SustAt .         Harm     .     (no boots)
MR     .....                    o - amulet of dismissal
Stlth  +++.......               (no ring)
                                (no ring)

@: agile, not resistant to hostile enchantments, fairly stealthy
A: claws 1, horns 1, talons 1, demonic guardian 1, foul stench 1, rot immunity
a: Renounce Religion


You were on level 9 of the Dungeon.
You worshipped Vehumet.
Vehumet was extremely pleased with you.
You were not hungry.

You visited 2 branches of the dungeon, and saw 10 of its levels.
You also visited: Ossuary.

You collected 672 gold pieces.

Inventory:

Hand Weapons
 e - a +2 dagger of flaming
 j - a +1 dagger of protection (weapon)
 p - a +1 whip of electrocution
 q - a +0 whip of venom
 G - a -1 hand axe
 Q - a +4 mace
Missiles
 d - 468 stones (quivered)
Armour
 a - a +0 robe
 k - a +1 animal skin
 m - a +0 helmet
 J - a +1 leather armour of cold resistance (worn)
Jewellery
 o - an amulet of dismissal (around neck)
Wands
 r - a wand of confusion (22/48)
 u - a wand of paralysis (13/24)
 v - a wand of confusion (41/48)
 w - a wand of paralysis (7/24)
 x - a wand of lightning (14/15)
 y - a wand of paralysis (12/24)
Scrolls
 g - 4 scrolls of remove curse
 h - 2 scrolls of random uselessness
 i - 6 scrolls of identify
 t - 2 scrolls of immolation
 B - a scroll of teleportation
 C - 2 scrolls of noise {unknown}
 E - a scroll of fog
 M - a scroll of magic mapping
 N - a scroll of amnesia {unknown}
 O - 4 scrolls of fear {unknown}
 R - a scroll of enchant armour {unknown}
Potions
 l - 3 potions of lignification
 z - 3 potions of flight
 F - a potion of agility
 I - a potion of berserk rage {unknown}
 K - a potion of degeneration {unknown}
 P - 2 potions of mutation {unknown}
 S - a potion of invisibility {unknown}
 T - a potion of heal wounds {unknown}
Books
 b - a book of Flames

   Spells                             Type                      Level
   a - Flame Tongue                   Conjuration/Fire             1
   b - Throw Flame                    Conjuration/Fire             2
   c - Conjure Flame                  Conjuration/Fire             3
   d - Inner Flame                    Hexes/Fire                   3
   e - Sticky Flame                   Conjuration/Fire             4
   f - Fireball                       Conjuration/Fire             5
 D - a Fen Folio

   Spells                             Type                      Level
   a - Corpse Rot                     Necromancy                   2
   b - Stone Arrow                    Conjuration/Earth            3
   c - Leda's Liquefaction            Hexes/Earth                  4
   d - Summon Forest                  Summoning/Translocation      5
   e - Hydra Form                     Transmutation                6
   f - Summon Hydra                   Summoning                    7
Comestibles
 c - 4 bread rations
 f - a slice of pizza
 A - 2 meat rations
 H - 11 fruits
 L - a royal jelly


   Skills:
 + Level 1.1 Fighting
 + Level 1.8 Armour
 * Level 6.9 Dodging
 + Level 3.3 Stealth
 * Level 7.7 Spellcasting
 + Level 6.9 Conjurations
 + Level 6.9 Fire Magic
 + Level 1.3 Poison Magic


You had 9 spell levels left.
You knew the following spells:

 Your Spells              Type           Power        Failure   Level  Hunger
a - Flame Tongue          Conj/Fire      #####        1%          1    None
b - Magic Dart            Conj           ####         1%          1    None
c - Sticky Flame          Conj/Fire      #####...     2%          4    ###....
d - Sting                 Conj/Pois      ###.         1%          1    None
e - Static Discharge      Conj/Air       ###.....     3%          3    None
f - Fireball              Conj/Fire      #####.....   7%          5    #####..


Dungeon Overview and Level Annotations

Branches:
Dungeon (9/15)             Temple (1/1) D:5            Lair (0/8) D:8
    Orc (0/2) D:9

Altars:
Ashenzari
Cheibriados
Dithmenos
Elyvilon
Fedhas
Gozag
Kikubaaqudgha
Makhleb
Nemelex Xobeh
Okawaru
Pakellas
Qazlal
Ru
Sif Muna
Trog
Vehumet
Xom
Yredelemnul
Zin
The Shining One

Annotations:
D:9 Rationalist's ghost, novice MiGl


Innate Abilities, Weirdness & Mutations

You have sharp fingernails.
You have a pair of small horns on your head.
You have sharp toenails.
A weak demonic guardian rushes to your aid.
You may emit foul miasma when damaged in melee.
You are immune to rotting.


Message History

Confirm with . or Enter, or press ? or * to list all spells.
Aiming: Flame Tongue
Press: ? - help, Shift-Dir - straight line, f/p - orc knight
Aim: an orc knight, wielding a halberd and wearing a chain mail (lightly wounded)
Your demonic guardian avoids your attack.
The flame tongue misses the orc knight.
You feel less woody.
Your +1 leather armour of cold resistance unmelds from your body.
You feel resistant to cold. The orc knight closely misses you.
Your crimson imp hits the orc knight but does no damage.
Casting: Flame Tongue
Confirm with . or Enter, or press ? or * to list all spells.
Aiming: Flame Tongue
Press: ? - help, Shift-Dir - straight line, f/p - orc knight
Aim: an orc knight, wielding a halberd and wearing a chain mail (lightly wounded)
Your demonic guardian avoids your attack.
The flame tongue hits the orc knight.
The orc knight appears unharmed.
The orc knight is lightly wounded.
The orc knight hits you from afar with a halberd!!
You die...

.................###.. ..#
...............### .......
...............>.# .......
.
..................###......
.
###.##############........
# .$ #. ######......# ##
#.###..#...###..### ...
###.5##.#..#........###
...#
#....5@...##..........#
...#
#..###o#)#.#.#..........#
...# #..#....##...........
...# #....#.#.##..<........
...#
...##..#####...........
...# .### ..#.#
#........... .## #o†#
.###.####.....)..... ..##
..oo.. ...##...........
...# ##..g##
..###...........


You could see an orc knight, a friendly crimson imp and a friendly white imp.

Vanquished Creatures
  Erolcha (D:9)
  Prince Ribbit (D:8)
  The ghost of RudyRod the Firebug, an amateur DsFE (D:4)
  A yak (D:8)
  A hungry ghost (D:7)
  2 vampire mosquitoes (D:9)
  Duvessa (D:7)
  An ice beast (D:9)
  3 orc warriors
  3 ogres
  A sky beast (D:7)
  3 crocodiles (D:8)
  2 centaurs
  2 big kobolds (D:4)
  4 giant frogs
  A water moccasin zombie (D:5)
  A scorpion (D:4)
  Dowan (D:7)
  4 howler monkeys
  A crimson imp (D:5)
  2 quasits
  2 hounds
  2 jellies
  5 orc priests
  6 centaur skeletons
  3 iguanas
  3 orc wizards
  13 worker ants
  8 big kobold zombies (Ossuary)
  A hound skeleton (D:6)
  A mummy (Ossuary)
  A worker ant zombie (D:3)
  Robin (D:2)
  9 adders
  10 gnolls
  3 river rats (D:8)
  4 shadow imps
  An adder zombie (D:3)
  5 adder skeletons
  3 worms (D:2)
  2 dart slugs
  7 giant geckos
  19 orcs
  6 spectral bats (Ossuary)
  5 giant cockroaches
  3 gnoll zombies (Ossuary)
  38 goblins
  29 hobgoblins
  6 jackals
  4 quokkas
  12 bats
  3 bat simulacra (Ossuary)
  A giant cockroach zombie (D:3)
  A giant gecko zombie (D:6)
  3 giant newts
  3 goblin simulacra (Ossuary)
  5 goblin zombies (Ossuary)
  2 hobgoblin zombies (Ossuary)
  A jackal zombie (D:3)
  13 kobolds
  3 kobold simulacra (Ossuary)
  6 kobold zombies (Ossuary)
  5 orc zombies (Ossuary)
  15 rats
  2 rat simulacra (Ossuary)
  6 spectral goblins (Ossuary)
  A spectral rat (Ossuary)
319 creatures vanquished.

Vanquished Creatures (collateral kills)
  A wraith (D:8)
  A howler monkey (D:8)
  A gnoll (D:4)
  An adder zombie (D:9)
  2 orcs
  A bat (D:8)
  A goblin (D:4)
8 creatures vanquished.

Vanquished Creatures (others)
  A gnoll zombie (Ossuary)
  2 fungi (D:8)
3 creatures vanquished.

Grand Total: 330 creatures vanquished

Notes
Turn   | Place    | Note
--------------------------------------------------------------
     0 | D:1      | RudyRod the Demonspawn Fire Elementalist began the quest for the Orb.
     0 | D:1      | Reached XP level 1. HP: 13/13 MP: 3/3
   232 | D:1      | Gained mutation: You are immune to rotting. [demonic ancestry]
   232 | D:1      | Reached XP level 2. HP: 17/19 MP: 1/5
   894 | D:1      | You fall through a shaft!
   931 | D:1      | Gained mutation: You may emit foul miasma when damaged in melee. [demonic ancestry]
   931 | D:1      | Reached XP level 3. HP: 24/24 MP: 3/6
  1284 | D:2      | Noticed Robin
  1319 | D:2      | Killed Robin
  1708 | D:2      | Reached XP level 4. HP: 30/30 MP: 0/7
  2473 | D:3      | Gained mutation: A weak demonic guardian rushes to your aid. [demonic ancestry]
  2473 | D:3      | Reached XP level 5. HP: 35/35 MP: 1/9
  2585 | D:3      | Found a radiant altar of Vehumet.
  2592 | D:3      | Became a worshipper of Vehumet
  2613 | D:3      | Found a white marble altar of Elyvilon.
  2801 | D:3      | Found a sacrificial altar of Ru.
  2832 | D:3      | Reached skill level 3 in Spellcasting
  3327 | D:4      | Found a sparkling altar of Nemelex Xobeh.
  3417 | D:4      | Noticed RudyRod's ghost (amateur DsFE)
  3715 | D:4      | Noticed an ogre
  3724 | D:4      | Killed an ogre
  3724 | D:4      | Reached XP level 6. HP: 21/41 MP: 2/11
  3962 | D:4      | Reached * piety under Vehumet
  3962 | D:4      | Offered knowledge of Magic Dart by Vehumet.
  4064 | D:4      | Learned a level 1 spell: Magic Dart
  4070 | D:4      | Learned a level 4 spell: Sticky Flame
  4550 | D:4      | Gained mutation: You have a pair of small horns on your head. [demonic ancestry]
  4550 | D:4      | Reached XP level 7. HP: 27/46 MP: 6/12
  4911 | D:4      | Reached skill level 4 in Spellcasting
  5262 | D:4      | Reached ** piety under Vehumet
  5283 | D:4      | Offered knowledge of Sting by Vehumet.
  5286 | D:4      | Learned a level 1 spell: Sting
  6065 | D:3      | Offered knowledge of Static Discharge by Vehumet.
  6234 | D:3      | Learned a level 3 spell: Static Discharge
  6733 | D:5      | Entered Level 5 of the Dungeon
  7031 | D:5      | Found a staircase to the Ecumenical Temple.
  7116 | D:5      | Found a shattered altar of Ashenzari.
  7120 | Temple   | Entered the Ecumenical Temple
  7349 | D:5      | Found a deep blue altar of Sif Muna.
  7369 | D:5      | Gained mutation: You have sharp fingernails. [demonic ancestry]
  7369 | D:5      | Reached XP level 8. HP: 53/53 MP: 11/15
  7559 | D:5      | Reached skill level 1 in Poison Magic
  7725 | D:5      | Reached *** piety under Vehumet
  8142 | D:4      | Noticed a six-headed hydra
  8253 | D:6      | Found a deep blue altar of Sif Muna.
  8305 | D:6      | Reached skill level 5 in Spellcasting
  8741 | D:6      | Found an opulent altar of Gozag.
  8946 | D:6      | Reached skill level 5 in Conjurations
  9416 | D:7      | Reached skill level 5 in Fire Magic
  9433 | D:7      | Found an oddly glowing altar of Pakellas.
  9551 | D:7      | Found an ancient bone altar of Kikubaaqudgha.
  9555 | D:7      | Found a snail-covered altar of Cheibriados.
  9557 | D:7      | Found a sparkling altar of Nemelex Xobeh.
  9759 | D:7      | Noticed Dowan
  9812 | D:7      | Learned a level 5 spell: Fireball
  9943 | D:7      | Reached skill level 5 in Dodging
 10120 | D:7      | Noticed Duvessa
 10134 | D:7      | Killed Dowan
 10520 | D:8      | Noticed Prince Ribbit
 10530 | D:8      | Killed Prince Ribbit
 10530 | D:8      | Reached XP level 9. HP: 54/58 MP: 11/17
 10652 | D:8      | Found a sand-covered staircase.
 10675 | Ossuary  | Entered an ossuary
 10692 | Ossuary  | Offered knowledge of Airstrike by Vehumet.
 10835 | Ossuary  | Reached **** piety under Vehumet
 11039 | Ossuary  | Offered knowledge of Force Lance by Vehumet.
 11656 | D:8      | Reached ***** piety under Vehumet
 11656 | D:8      | Offered knowledge of Poison Arrow by Vehumet.
 11679 | D:8      | Reached skill level 6 in Spellcasting
 12023 | D:8      | Reached skill level 1 in Armour
 12132 | D:8      | Found a staircase to the Lair.
 13078 | D:9      | Found a staircase to the Orcish Mines.
 13376 | D:7      | Killed Duvessa
 13524 | D:4      | Killed RudyRod's ghost
 13570 | D:4      | Gained mutation: You have sharp toenails. [demonic ancestry]
 13570 | D:4      | Reached XP level 10. HP: 57/64 MP: 14/20
 13656 | D:6      | Reached skill level 7 in Spellcasting
 13809 | D:9      | Noticed Rationalist's ghost (novice MiGl)
 14129 | D:9      | Noticed Erolcha
 14145 | D:9      | Killed Erolcha
 14145 | D:9      | Reached skill level 1 in Fighting
 14685 | D:9      | Noticed an orc knight
 14699 | D:9      | Mangled by an orc knight

Skill      XL: |  1  2  3  4  5  6  7  8  9 10 |
---------------+-------------------------------+-----
Dodging        | 2 3 4 5 6 |  6.9
Stealth        | 2 3 |  3.3
Fire Magic     | 3 4 5 6 |  6.9
Conjurations   | 2 3 4 5 6 |  6.9
Spellcasting   | 3 4 5 6 7 |  7.7
Poison Magic   | 1 |  1.3
Armour         | 1 |  1.8
Fighting       | 1 |  1.1

Action                   |  1- 3 |  4- 6 |  7- 9 | 10-12 || total
-------------------------+-------+-------+-------+-------++-------
Melee: Dagger            |    47 |    23 |    83 |     9 ||   162
       Headbutt          |       |       |    12 |       ||    12
       Kick              |       |       |       |     3 ||     3
 Cast: Flame Tongue      |    54 |   134 |   442 |    68 ||   698
       Magic Dart        |       |     9 |   116 |     8 ||   133
       Sting             |       |       |    56 |    17 ||    73
       Sticky Flame      |       |       |     3 |     2 ||     5
       Static Discharge  |       |       |     3 |       ||     3
       Fireball          |       |       |     2 |     1 ||     3
  Use: Potion            |     2 |       |     7 |     3 ||    12
       Scroll            |       |     4 |     8 |       ||    12
 Stab: Sleeping          |       |     1 |       |       ||     1
  Eat: Bread ration      |     1 |     1 |     2 |     1 ||     5
       Chunk             |     1 |     2 |    12 |     1 ||    16
       Beef jerky        |       |       |     1 |       ||     1
       Meat ration       |       |       |     2 |       ||     2
Armor: Robe              |    12 |       |       |       ||    12
       Animal skin       |     1 |    26 |    55 |       ||    82
       Skin              |       |       |    18 |     6 ||    24
       Leather armour    |       |       |    68 |     7 ||    75
Dodge: Dodged            |    41 |    67 |   267 |    31 ||   406
